 Dungeon Crawl Stone Soup version 0.23-a0-650-ga4d50d4 (webtiles) character file.

147 Borgoz the Cutter (level 5, -4/33 HPs)
             Began as a Kobold Berserker on Jan 2, 2019.
             Was a Believer of Trog.
             Slain by an orc
             ... wielding a +0 flail
              (5 damage)
             ... on level 4 of the Dungeon.
             The game lasted 00:08:24 (2632 turns).

Borgoz the Cutter (Kobold Berserker)                Turns: 2632, Time: 00:08:25

Health: -4/33      AC:  2    Str: 15    XL:     5   Next: 54%
Magic:  5/5        EV: 16    Int:  8    God:    Trog [**....]
Gold:   169        SH:  0    Dex: 15    Spells: 4/4 levels left

rFire    . . .     SeeInvis +   a - +0 short sword
rCold    . . .     Gourm    .   (shield restricted)
rNeg     . . .     Faith    .   b - +0 animal skin
rPois    .         Spirit   .   (no helmet)
rElec    .         Reflect  .   (no cloak)
rCorr    .         Harm     .   (no gloves)
MR       .....                  (no boots)
Stlth    ++........             (no amulet)
HPRegen  0.11/turn              h - ring of see invisible
MPRegen  0.09/turn              (no ring)

@: no status effects
A: small, carnivore
a: Berserk, Trog's Hand, Renounce Religion


You were on level 4 of the Dungeon.
You worshipped Trog.
Trog was pleased with you.
You were very full.

You visited 1 branch of the dungeon, and saw 4 of its levels.

You collected 169 gold pieces.

Inventory:

Hand Weapons
 a - a +0 short sword (weapon)
Armour
 b - a +0 animal skin (worn)
Jewellery
 h - a ring of see invisible (left hand)
Scrolls
 d - a scroll of remove curse {unknown}
 e - a scroll of immolation {unknown}
 g - a scroll of fog {unknown}
 i - a scroll of enchant weapon {unknown}
 j - 2 scrolls of teleportation {unknown}
 m - 2 scrolls of fear {unknown}
 n - 2 scrolls of identify {unknown}
 s - a scroll of random uselessness {unknown}
 u - a scroll of blinking {unknown}
Potions
 f - 3 potions of berserk rage {unknown}
 k - a potion of curing {unknown}
 l - a potion of resistance {unknown}
 o - a potion of flight {unknown}
 p - a potion of lignification {unknown}
 q - a potion of heal wounds {unknown}
 r - a potion of brilliance {unknown}
 t - a potion of might
Comestibles
 c - 3 rations


   Skills:
 + Level 4.3 Fighting
 + Level 5.7 Short Blades
 + Level 1.6 Armour
 + Level 3.8 Dodging
 + Level 1.8 Stealth


You had 4 spell levels left.
You didn't know any spells.
Your spell library was empty.

Dungeon Overview and Level Annotations

Branches:
Dungeon (4/15)
 Temple: D:4-7

Altars:


Innate Abilities, Weirdness & Mutations

You are small and have problems with some larger weapons.
You are carnivorous and can eat meat at any time.


Message History

The orc wizard blinks!
The orc barely misses you.
There is an open door, spattered with blood here.
Things that are here:
a +0 dagger; a +0 robe; an orc corpse You hit the orc but do no damage.
The orc completely misses you.
You hit the orc.
The orc is moderately wounded.
The orc hits you with a +0 flail.
* * * LOW HITPOINT WARNING * * *
The orc wizard gestures wildly while chanting.
The orc wizard blinks!
The orc misses you.
There is an open door, spattered with blood here.
Things that are here:
a +0 dagger; a +0 robe; an orc corpse You hit the orc but do no damage.
The orc is lightly wounded.
The orc hits you with a +0 flail.
You die...

##.......##
#.........#
+.........+
#.........#
#.......#
#.o...# #)o.#
#@# #.# #.#
##.## ##...##
#.....####
#........###.
#.#.#........
#.#.###.##.####


You could see an orc wizard and an orc.

Vanquished Creatures
  A crimson imp (D:3)
  An orc wizard (D:4)
  3 adders
  3 worms (D:3)
  4 leopard geckos
  3 orcs
  5 goblins
  5 hobgoblins
  3 bats
  5 frilled lizards
  7 kobolds
  6 rats
46 creatures vanquished.

Notes
Turn   | Place    | Note
-------+----------+-------------------------------------------
     0 | D:1      | Borgoz the Kobold Berserker began the quest for the Orb.
     0 | D:1      | Reached XP level 1. HP: 14/14 MP: 1/1
   676 | D:1      | Reached XP level 2. HP: 18/19 MP: 2/2
  1021 | D:2      | HP: 1/20 [goblin/+0 dagger (2)]
  1035 | D:2      | Reached XP level 3. HP: 2/24 MP: 3/3
  1673 | D:3      | Reached ** piety under Trog
  1730 | D:3      | Reached skill level 1 in Stealth
  1730 | D:3      | Reached XP level 4. HP: 5/29 MP: 4/4
  2163 | D:3      | Reached skill level 5 in Short Blades
  2277 | D:3      | Reached XP level 5. HP: 23/33 MP: 5/5
  2297 | D:3      | Found a faded altar of an unknown god.
  2629 | D:4      | HP: 1/33 [orc/+0 flail (3)]
  2632 | D:4      | Slain by an orc

Vault maps used:
D:1:      roderic_chinese_lattice_arrival
D:3:      chequers_ecumenical_altar_simple_redux

Skill      XL: |  1  2  3  4 |
---------------+-------------+-----
Dodging        | 3 |  3.8
Stealth        | 1 |  1.8
Fighting       | 4 |  4.3
Short Blades   | 5 |  5.7
Armour         | |  1.6

Action                   |  1- 3 |  4- 6 || total
-------------------------+-------+-------++-------
Melee: Short sword       |   119 |   118 ||   237
  Use: Potion            |       |     2 ||     2
 Stab: Sleeping          |     2 |     2 ||     4
  Eat: Chunk             |     8 |     4 ||    12
Armor: Animal skin       |    11 |    11 ||    22
Dodge: Dodged            |    86 |    83 ||   169

Table legend:
 A = Non-vault XP
 B = Vault XP
 C = Vault XP percentage of total XP
 D = Non-vault monster count
 E = Vault monster count
 F = Vault count percentage of total count
                 A         B        C        D         E       F
            +---------+---------+-------+---------+---------+-------
      Total |     210 |       0 |   0.0 |      46 |       0 |   0.0
            +---------+---------+-------+---------+---------+-------
        D:1 |      16 |       0 |   0.0 |      12 |       0 |   0.0
        D:2 |      33 |       0 |   0.0 |      12 |       0 |   0.0
        D:3 |     115 |       0 |   0.0 |      19 |       0 |   0.0
        D:4 |      46 |       0 |   0.0 |       3 |       0 |   0.0
            +---------+---------+-------+---------+---------+-------
